 Dungeon Crawl Stone Soup version 0.23.2-40-g277498a001 (webtiles) character file.

Game seed: 16620548324174222278

17351 MrTry the Carver (level 12, -1/96 HPs)
             Began as a Minotaur Fighter on Sept 7, 2019.
             Was a High Priest of Hepliaklqana.
             Slain by Snorg (22 damage)
             ... on level 4 of the Lair of Beasts.
             The game lasted 01:15:04 (12303 turns).

MrTry the Carver (Minotaur Fighter)                Turns: 12303, Time: 01:15:05

Health: -1/96      AC: 17    Str: 27    XL:     12   Next: 18%
Magic:  11/11      EV:  9    Int:  5    God:    Hepliaklqana [*****.]
Gold:   656        SH: 13    Dex:  9    Spells: 11/11 levels left

rFire    . . .     SeeInvis .   a - +0 scimitar (flame)
rCold    . . .     Gourm    .   c - +0 shield
rNeg     . . .     Faith    .   O - +0 plate armour
rPois    .         Spirit   .   (helmet restricted)
rElec    .         Reflect  .   w - +0 cloak
rCorr    +         Harm     .   E - +0 pair of gloves
MR       .....                  (no boots)
Stlth    ..........             v - amulet of rage
HPRegen  0.26/turn              r - ring of wizardry
MPRegen  0.12/turn              I - ring of resist corrosion

@: lethally poisoned (-1 -> -8)
A: retaliatory headbutt, reduced essence, horns 2
a: Recall Ancestor, Ancestor Identity, Transference, Idealise, Renounce
Religion, Evoke Berserk Rage


You were on level 4 of the Lair of Beasts.
You worshipped Hepliaklqana.
Hepliaklqana was extremely pleased with you.
You were not hungry.

You visited 3 branches of the dungeon, and saw 15 of its levels.
You also visited: Sewer and Gauntlet.

You collected 716 gold pieces.
You spent 60 gold pieces at shops.

Inventory:

Hand Weapons
 a - a +0 scimitar of flaming (weapon)
 p - a +4 quarterstaff of chaos
 s - the +5 hunting sling of Duty {venom, rF+ rC+ MP+9 Str+3}
   (You found it on level 5 of the Dungeon)

   It poisons the ammo it fires.
   It affects your strength (+3).
   It protects you from fire.
   It protects you from cold.
   It affects your magic capacity (+9).
Missiles
 h - 116 sling bullets
Armour
 c - a +0 shield (worn)
 w - a +0 cloak (worn)
 D - a +3 ring mail of magic resistance
 E - a +0 pair of gloves (worn)
 O - a +0 plate armour (worn)
Jewellery
 r - a ring of wizardry (left hand)
 v - an amulet of rage (around neck)
 I - a ring of resist corrosion (right hand)
 R - an uncursed ring of poison resistance {unknown}
Wands
 k - a wand of polymorph (12)
 C - a wand of flame (10)
 L - a wand of random effects (11)
 Q - a wand of paralysis (9)
Scrolls
 j - 12 scrolls of remove curse
 l - 4 scrolls of fog
 n - 3 scrolls of blinking
 t - a scroll of immolation
 u - a scroll of noise {unknown}
 y - 2 scrolls of fear {unknown}
 z - 9 scrolls of teleportation
 A - 2 scrolls of identify
 B - 2 scrolls of amnesia
 H - a scroll of magic mapping {unknown}
 J - a scroll of acquirement {unknown}
 K - 2 scrolls of enchant weapon {unknown}
 M - a scroll of enchant armour
 P - a scroll of random uselessness {unknown}
Potions
 d - 2 potions of might
 e - 4 potions of flight
 g - 2 potions of heal wounds
 i - a potion of magic {unknown}
 m - a potion of berserk rage {unknown}
 o - 2 potions of invisibility {unknown}
 q - 2 potions of resistance
 x - a potion of lignification
 F - a potion of degeneration {unknown}
 G - 4 potions of haste
 N - a potion of ambrosia {unknown}
 S - a potion of cancellation {unknown}
Comestibles
 f - 21 rations


   Skills:
 + Level 10.5 Fighting
 + Level 12.0 Long Blades
 + Level 6.3 Slings
 + Level 10.0 Armour
 + Level 6.0 Dodging
 + Level 3.7 Stealth
 + Level 11.7 Shields
 + Level 1.0 Invocations


You had 11 spell levels left.
You didn't know any spells.
Your spell library contained the following spells:

 Spells                   Type           Power        Failure   Level  Hunger
 Animate Skeleton         Necr           N/A          94%         1    ##.....
 Apportation              Tloc           #.....       94%         1    ##.....
 Confusing Touch          Hex            #.....       94%         1    ##.....
 Flame Tongue             Conj/Fire      #....        94%         1    ##.....
 Magic Dart               Conj           #...         94%         1    ##.....
 Summon Small Mammal      Summ           #...         94%         1    ##.....
 Blink                    Tloc           N/A          98%         2    ###....
 Call Imp                 Summ           #.......     98%         2    ###....
 Slow                     Hex            #.......     98%         2    ###....
 Throw Flame              Conj/Fire      #.....       98%         2    ###....
 Conjure Flame            Conj/Fire      #.......     100%        3    ####...
 Inner Flame              Hex/Fire       #.......     100%        3    ####...
 Mephitic Cloud           Conj/Pois/Air  #.......     100%        3    ####...
 Sticky Flame             Conj/Fire      #.......     100%        4    #####..
 Fireball                 Conj/Fire      #.........   100%        5    ######.


Dungeon Overview and Level Annotations

Branches:
Dungeon (10/15)            Temple (1/1) D:7            Lair (4/6) D:10
    Orc (0/2) D:9
  Swamp: Lair:2-4    Shoals: Lair:2-4     Snake: Lair:2-4    Spider: Lair:2-4

Altars:
Ashenzari
Cheibriados
Dithmenos
Elyvilon
Fedhas
Gozag
Hepliaklqana
Kikubaaqudgha
Makhleb
Nemelex Xobeh
Okawaru
Qazlal
Ru
Sif Muna
Trog
Uskayaw
Vehumet
Wu Jian
Xom
Yredelemnul
Zin
The Shining One

Shops:
D:7 *   D:10 ?

Annotations:
Lair:4 Snorg


Innate Abilities, Weirdness & Mutations

You reflexively headbutt those who attack you in melee.
You have a pair of horns on your head.
Your life essence is reduced to manifest your ancestor. (-10% HP)


Message History

Snorg claws you but does no damage. Snorg closely misses you.
You slash Snorg! You burn Snorg. Your headbutt misses Snorg.
Snorg is lightly wounded.
You feel sick.
Snorg goes berserk!
Unknown command.
You hit Snorg. You burn Snorg. You headbutt Snorg!
Snorg is lightly wounded.
You feel sick. Snorg bites you!! You block Snorg's attack. x2
Unknown command.
You closely miss Snorg.
Snorg is lightly wounded.
You feel sick. You block Snorg's attack. Snorg claws you!
* * * LOW HITPOINT WARNING * * *
You block Snorg's attack.
You feel sick. You block Snorg's attack. x2
Snorg claws you but does no damage.
You feel sick.
Snorg rages.
You feel sick. Snorg bites you!!
You die...

...#........ # ..
..+........ ..##.#..........
### .###... .#........ .#
..##+##....#####.........
... #....##..........(......
....#..............†(.......
.....⌠.<.⌠......@T..........
..........(.#......†...P#...
....##.⌠.##...........###
... #..#.............# .
##.#...........###
#..#..........P.P#
#^..............S..
.P........##........
.....^...##^#.......


You could see Snorg (berserk).

Vanquished Creatures
  2 death yaks (D:10)
  3 elephants
  A black mamba (Lair:4)
  2 spiny frogs
  5 komodo dragons
  2 trolls
  Eustachio (D:4)
  3 yaks (Lair:4)
  2 basilisks
  A steam dragon (D:10)
  2 water moccasins
  2 porcupines
  An ice beast (D:8)
  An orc warrior (D:10)
  A centaur (D:8)
  2 ogres
  2 phantoms
  6 crocodiles
  A wolf (Lair:3)
  5 bullfrogs
  A scorpion (D:5)
  6 killer bees
  A howler monkey (D:4)
  3 crimson imps
  A jelly (D:5)
  4 hounds
  An orc priest (D:4)
  Crazy Yiuf (D:3)
  4 orc wizards
  Natasha (thrice) (D:4)
  6 iguanas
  A hell rat (D:10)
  3 worker ants
  2 hound skeletons
  3 gnolls (D:2)
  12 adders
  4 river rats
  A shadow imp (D:10)
  2 adder skeletons
  A worm (D:4)
  A dart slug (D:1)
  10 leopard geckos
  17 orcs
  9 bats
  11 giant cockroaches
  5 goblins
  5 hobgoblins
  15 jackals
  6 kobolds
  4 quokkas
  A ball python (Sewer)
  9 frilled lizards
  9 rats
  3 fungi
210 creatures vanquished.

Vanquished Creatures (collateral kills)
  Erica (D:9)
  2 hydras (Lair:1)
  A death yak (D:10)
  Sonja (D:10)
  A salamander (Lair:1)
  An elephant (Lair:3)
  A black mamba (Lair:3)
  A spiny frog (Lair:2)
  A komodo dragon (Lair:1)
  A rime drake (Lair:1)
  2 hippogriffs
  A spriggan (Lair:1)
  A wyvern (Lair:3)
  A fire elemental (Lair:1)
  A basilisk (Lair:1)
  A water moccasin (Lair:2)
  3 porcupines
  An orc warrior (D:9)
  A necrophage (D:10)
  A centaur (D:10)
  4 wolves (Lair:3)
  A big kobold (D:10)
  3 bullfrogs
  3 scorpions
  5 killer bees (D:10)
  An electric eel (Lair:1)
  4 wights (D:8)
  A howler monkey (D:10)
  2 crimson imps
  A quasit (D:7)
  A centaur skeleton (D:7)
  3 orc priests
  A hell rat (D:10)
  4 iguanas (Lair:1)
  An adder (D:7)
  A shadow imp (D:8)
  7 orcs
  2 goblins (D:5)
  2 jackals
  4 kobolds (D:10)
  3 quokkas
  A rat (D:10)
  A fungus (Lair:3)
  A plant (Lair:2)
81 creatures vanquished.

Vanquished Creatures (others)
  2 battlemagi
  An ancestor (D:6)
  A demonic plant (Gauntlet)
4 creatures vanquished.

Grand Total: 295 creatures vanquished

Notes
Turn   | Place    | Note
-------+----------+-------------------------------------------
     0 | D:1      | MrTry the Minotaur Fighter began the quest for the Orb.
     0 | D:1      | Reached XP level 1. HP: 19/19 MP: 0/0
   122 | D:1      | Reached XP level 2. HP: 27/27 MP: 1/1
   441 | D:1      | Reached XP level 3. HP: 33/33 MP: 2/2
   964 | D:2      | Reached skill level 3 in Long Blades
  1031 | D:2      | Reached skill level 1 in Dodging
  1042 | D:2      | Reached XP level 4. HP: 22/40 MP: 3/3
  1756 | D:3      | Found a runed translucent door.
  1757 | D:3      | Noticed Crazy Yiuf
  1762 | D:3      | Killed Crazy Yiuf
  1879 | D:3      | Noticed a phantom
  1910 | D:3      | Killed a phantom
  1910 | D:3      | Reached skill level 4 in Long Blades
  1910 | D:3      | Reached skill level 5 in Armour
  1910 | D:3      | Reached XP level 5. HP: 44/47 MP: 4/4
  2396 | D:4      | Noticed Natasha
  2405 | D:4      | Killed Natasha
  2405 | D:4      | Reached XP level 6. HP: 45/53 MP: 5/5
  2480 | D:4      | Reached skill level 1 in Slings
  2501 | D:4      | Reached skill level 5 in Long Blades
  2501 | D:4      | Reached skill level 5 in Shields
  2561 | D:4      | Noticed Eustachio
  2589 | D:4      | Killed Eustachio
  2589 | D:4      | Reached XP level 7. HP: 38/60 MP: 6/6
  2628 | D:4      | Reached skill level 5 in Fighting
  2745 | D:4      | Noticed Natasha
  2756 | D:4      | Killed Natasha
  2875 | D:4      | Found a glowing drain.
  2886 | Sewer    | Entered a sewer
  3083 | Sewer    | Reached skill level 6 in Long Blades
  3164 | D:4      | Reached XP level 8. HP: 69/69 MP: 7/7
  3385 | D:4      | Found a hazy altar of Hepliaklqana.
  3389 | D:4      | Became a worshipper of Hepliaklqana the Forgotten
  3478 | D:4      | Noticed Natasha
  3487 | D:4      | Killed Natasha
  3671 | D:5      | Entered Level 5 of the Dungeon
  3925 | D:5      | Found a shattered altar of Ashenzari.
  4338 | D:5      | Found an iron altar of Okawaru.
  4345 | D:5      | Got a polished hunting sling
  4346 | D:5      | Identified the +5 hunting sling of Duty {venom, rF+ rC+
                  | MP+9 Str+3} (You found it on level 5 of the Dungeon)
  4557 | D:6      | Reached * piety under Hepliaklqana
  4651 | D:6      | Noticed a troll
  4672 | D:6      | Killed a troll
  4673 | D:6      | Reached skill level 7 in Long Blades
  5311 | D:6      | Found a glowing silver altar of Zin.
  5732 | D:7      | Found a staircase to the Ecumenical Temple.
  5742 | Temple   | Entered the Ecumenical Temple
  5905 | D:7      | Found a bloodstained altar of Trog.
  5922 | D:7      | Found a stormy altar of Qazlal.
  5942 | D:7      | Reached skill level 1 in Stealth
  5984 | D:7      | Found Fejayschacsi's General Store.
  6360 | D:7      | Found a deep blue altar of Sif Muna.
  6426 | D:7      | Found a sacrificial altar of Ru.
  6463 | D:7      | Reached ** piety under Hepliaklqana
  6477 | D:7      | Remembered your ancestor Melek as a battlemage
  6566 | D:7      | Reached XP level 9. HP: 70/70 MP: 8/8
  7899 | D:9      | Found a staircase to the Orcish Mines.
  7955 | D:9      | Found a basalt altar of Yredelemnul.
  8308 | D:9      | Reached *** piety under Hepliaklqana
  8545 | D:9      | Noticed Erica
  8558 | D:9      | Killed Erica
  8558 | D:9      | Reached skill level 8 in Long Blades
  8558 | D:9      | Reached skill level 5 in Dodging
  8739 | D:10     | Entered Level 10 of the Dungeon
  8739 | D:10     | Noticed a troll
  8743 | D:10     | Killed a troll
  8743 | D:10     | Reached XP level 10. HP: 76/79 MP: 9/9
  8878 | D:10     | Found a staircase to the Lair.
  8883 | D:10     | Noticed a death yak
  8885 | D:10     | Noticed a death yak
  8887 | D:10     | Noticed a death yak
  8892 | D:10     | Killed a death yak
  8892 | D:10     | Reached skill level 9 in Long Blades
  8898 | D:10     | Killed a death yak
  8908 | D:10     | Killed a death yak
  9012 | D:10     | Found Xisecaje's Magic Scroll Shoppe.
  9026 | D:10     | Bought a scroll of teleportation for 36 gold pieces
  9026 | D:10     | Bought a scroll of identify for 24 gold pieces
  9028 | D:10     | Noticed Sonja
  9042 | D:10     | Killed Sonja
  9042 | D:10     | Reached skill level 10 in Long Blades
  9042 | D:10     | Reached skill level 10 in Shields
  9076 | D:10     | Reached skill level 5 in Slings
  9491 | D:10     | Reached **** piety under Hepliaklqana
  9633 | Lair:1   | Entered Level 1 of the Lair of Beasts
  9637 | Lair:1   | Reached XP level 11. HP: 87/87 MP: 10/10
  9958 | Lair:1   | Noticed a five-headed hydra
  9970 | Lair:1   | Killed a two-headed hydra
  9970 | Lair:1   | Reached skill level 11 in Long Blades
  9985 | Lair:1   | Reached skill level 10 in Fighting
 10002 | Lair:1   | Noticed an eight-headed hydra
 10011 | Lair:1   | Killed a six-headed hydra
 11475 | Lair:3   | Found a gate leading to a gauntlet.
 11489 | Gauntlet | Entered a Gauntlet
 11489 | Gauntlet | Found a transporter.
 11498 | Gauntlet | Found a transporter.
 11498 | Gauntlet | Noticed a balrug
 11499 | Gauntlet | Found a transporter.
 11501 | Gauntlet | Noticed a sixfirhy
 11502 | Gauntlet | Noticed a sixfirhy
 11504 | Gauntlet | Found a transporter.
 11507 | Gauntlet | Noticed a wizard
 11514 | Gauntlet | Found a transporter.
 11514 | Gauntlet | Found a transporter.
 11514 | Gauntlet | Noticed a wizard
 11516 | Gauntlet | Noticed a sixfirhy
 11517 | Gauntlet | Noticed a sixfirhy
 11518 | Gauntlet | Noticed a sixfirhy
 11655 | Lair:3   | Reached XP level 12. HP: 95/96 MP: 11/11
 11676 | Lair:3   | Reached skill level 1 in Invocations
 11752 | Lair:3   | Reached ***** piety under Hepliaklqana
 12289 | Lair:4   | Reached skill level 12 in Long Blades
 12289 | Lair:4   | Reached skill level 10 in Armour
 12289 | Lair:4   | Noticed Snorg
 12303 | Lair:4   | Slain by Snorg

Skill      XL: |  1  2  3  4  5  6  7  8  9 10 11 12 |
---------------+-------------------------------------+-----
Shields        | 4 5 6 7 9 10 11 | 11.7
Fighting       | 4 5 6 7 9 10 | 10.5
Armour         | 4 5 6 7 8 9 10 | 10.0
Long Blades    | 3 4 5 6 7 8 10 11 12 | 12.0
Dodging        | 1 2 3 4 5 6 |  6.0
Slings         | 2 4 5 6 |  6.3
Stealth        | 1 3 |  3.7
Invocations    | 1 |  1.0

Action                   |  1- 3 |  4- 6 |  7- 9 | 10-12 || total
-------------------------+-------+-------+-------+-------++-------
Melee: Long sword        |    79 |   114 |   245 |       ||   438
       Headbutt          |    10 |    13 |    64 |    41 ||   128
       Scimitar          |       |       |     6 |   206 ||   212
 Fire: Hunting sling     |       |    24 |    14 |    34 ||    72
Invok: Ancestor Life: Ba |       |       |     1 |       ||     1
       Ancestor Identity |       |       |     1 |       ||     1
       Idealise          |       |       |       |     2 ||     2
       Recall Ancestor   |       |       |       |     1 ||     1
  Use: Scroll            |     2 |       |    12 |     1 ||    15
       Potion            |       |     1 |     6 |    14 ||    21
 Stab: Distracted        |       |       |     1 |     3 ||     4
  Eat: Ration            |       |     2 |     5 |     4 ||    11
       Chunk             |       |     1 |       |       ||     1
Armor: Scale mail        |    47 |    51 |    47 |       ||   145
       Ring mail         |       |       |    62 |    22 ||    84
       Plate armour      |       |       |       |    51 ||    51
Dodge: Dodged            |    38 |    25 |   120 |    80 ||   263
Block: Shield            |    52 |    69 |   177 |   151 ||   449
       Rpst.: Long sword |     8 |     5 |    27 |       ||    40
       Scimitar          |       |       |     2 |    22 ||    24
